 Dungeon Crawl Stone Soup version 0.27.1-34-g3ba077fa99 (webtiles) character file.

Game seed: 17301429293865911423

105 pkoi the Insei (level 4, -5/38 HPs)
             Began as a Draconian Monk on Jan 12, 2022.
             Killed from afar by Natasha (8 damage)
             ... with a puff of flame
             ... on level 2 of the Dungeon.
             The game lasted 00:01:29 (1486 turns).

pkoi the Insei (Draconian Monk)                     Turns: 1486, Time: 00:01:29

Health: -5/38      AC:  6    Str: 13    XL:     4   Next: 53%
Magic:  4/4        EV: 12    Int: 11    God:
Gold:   78         SH:  0    Dex: 14    Spells: 3/3 levels left

rFire    . . .     SeeInvis +     - Unarmed
rCold    . . .     Faith    .   (no shield)
rNeg     . . .     Spirit   .   (armour unavailable)
rPois    .         Reflect  .   (helmet restricted)
rElec    .         Harm     .   g - +0 cloak
rCorr    .         Rampage  .   (no gloves)
Will     .....                  (no boots)
Stlth    ++........             (no amulet)
HPRegen  0.12/turn              d - ring of see invisible
MPRegen  0.09/turn              (no ring)

@: slowed, very slow
A: AC +5, unfitting armour, cold-blooded
a: no special abilities


You were on level 2 of the Dungeon.
You visited 1 branch of the dungeon, and saw 2 of its levels.

You collected 78 gold pieces.

Inventory:

Missiles
 c - 6 curare-tipped darts (quivered)
Armour
 g - a +0 cloak (worn)
Jewellery
 d - a ring of see invisible (left hand)
Scrolls
 b - a scroll of immolation {unknown}
 e - 2 scrolls of identify {unknown}
 f - a scroll of amnesia {unknown}
Potions
 a - a potion of curing {unknown}


   Skills:
 - Level 3.2 Fighting
 - Level 2.6 Dodging
 - Level 1.7 Stealth
 + Level 5.4 Unarmed Combat


You had 3 spell levels left.
You didn't know any spells.
Your spell library was empty.

Dungeon Overview and Level Annotations

Branches:
Dungeon (2/15)

Altars:

Annotations:
D:2 Natasha


Innate Abilities, Weirdness & Mutations

Your plain brown scales are hard. (AC +5)
You cannot fit into any form of body armour.
You are cold-blooded and may be slowed by cold attacks.


Message History

Natasha is nearby!
Natasha is nearby!
Found a stone staircase leading up.
Natasha hisses angrily.
Natasha claws you.
You hit Natasha.
Natasha is moderately wounded.
You hit Natasha but do no damage.
Natasha is moderately wounded.
Natasha casts a spell at you. You resist with some effort.
You hit Natasha.
Natasha is heavily wounded.
Natasha zaps a wand.
The puff of flame hits you!
You punch Natasha! You punch Natasha.
You kill Natasha!
Natasha screams in fury as she dies!
You start resting.
Natasha, Servant of Life and Death comes into view.
She is carrying a wand of flame (22).
You aren't carrying any items that you can evoke.
Natasha hisses angrily.
Natasha casts a spell at you.
You feel yourself slow down.
Natasha drinks a potion.
Natasha seems to speed up.
Natasha claws you. Natasha claws you but does no damage.
You closely miss Natasha.
Natasha zaps a wand.
The puff of flame hits you! Natasha claws you!
* * * LOW HITPOINT WARNING * * *
Natasha closely misses you.
You barely miss Natasha. Natasha claws you but does no damage.
You closely miss Natasha. Natasha casts a spell at you.
The magic dart hits you.
* * * LOW HITPOINT WARNING * * *
Natasha zaps a wand.
The puff of flame hits you!
* * * LOW HITPOINT WARNING * * *
You hit Natasha.
Natasha is lightly wounded.
Natasha closely misses you.
Natasha zaps a wand.
The puff of flame hits you!
You die...

.. ####'#
#....# #.####
. #.# ... #.#
.....###.####
............+
......##@####
..... #h#
.... #.# ###
#.# #.# #..
######.# #..
#......# #..
### #.######
#.#########..
#.#######
#.#.......'..


You could see Natasha (fast).

Vanquished Creatures
  Natasha (twice) (D:2)
  A gnoll (D:1)
  A worm (D:2)
  A dart slug (D:1)
  5 endoplasms (D:1)
  3 goblins (D:1)
  2 hobgoblins (D:1)
  3 jackals (D:1)
  3 quokkas
  4 ball pythons (D:1)
  2 bats (D:2)
  2 frilled lizards (D:1)
  3 kobolds (D:1)
  9 rats (D:1)
41 creatures vanquished.

Notes
Turn   | Place    | Note
-------+----------+-------------------------------------------
     0 | D:1      | pkoi the Draconian Monk began the quest for the Orb.
     0 | D:1      | Reached XP level 1. HP: 19/19 MP: 1/1
   268 | D:1      | Reached XP level 2. HP: 25/26 MP: 2/2
   378 | D:1      | Reached skill level 4 in Unarmed Combat
   412 | D:1      | Found a faded altar of an unknown god.
   549 | D:1      | Reached XP level 3. HP: 31/31 MP: 3/3
  1260 | D:2      | Noticed Natasha
  1267 | D:2      | Killed Natasha
  1268 | D:2      | Reached skill level 5 in Unarmed Combat
  1268 | D:2      | Reached XP level 4. HP: 35/38 MP: 4/4
  1425 | D:2      | Noticed Natasha
  1433 | D:2      | Killed Natasha
  1476 | D:2      | Noticed Natasha
  1486 | D:2      | Killed from afar by Natasha

Illustrated notes

Levels and vault maps discovered:
D:1:      dpeg_arrival_ratfight, layout_loops_ring,
          chequers_ecumenical_altar_lobes
D:2:      layout_basic, serial_shops, nicolae_square_shop, uniq_natasha

Skill      XL: |  1  2  3 |
---------------+----------+-----
Unarmed Combat | 4 5 |  5.4
Fighting       | |  3.2
Dodging        | |  2.6
Stealth        | |  1.7

Action                   |  1- 3 |  4- 6 || total
-------------------------+-------+-------++-------
Melee: Unarmed           |   116 |    21 ||   137
       Tailslap          |    10 |     4 ||    14
       Punch             |     4 |     1 ||     5
 Stab: Sleeping          |     5 |     1 ||     6
Armor: Skin              |    37 |     4 ||    41
Dodge: Dodged            |    59 |    16 ||    75
